 Dungeon Crawl Stone Soup version 0.32-a0-629-g87aaac5c70 (webtiles) character file.

Game seed: 8307586832938169773

1698701 Kenran the Impregnable (level 27, 168/197 HPs)
             Began as a Gargoyle Reaver on Mar 5, 2024.
             Was a High Priest of Okawaru.
             Escaped with the Orb
             ... and 3 runes on Mar 6, 2024!
             The game lasted 02:08:18 (66655 turns).

Kenran the Impregnable (Gargoyle Reaver)           Turns: 66655, Time: 02:08:18

Health: 168/197    AC: 78    Str: 27    XL:     27
Magic:  34/34      EV: 15    Int: 17    God:    Okawaru [*****.]
Gold:   1525       SH: 36    Dex: 11    Spells: 29/30 levels left

rFire   . . .        a - +9 broad axe (freeze)
rCold   + . .        F - +8 tower shield
rNeg    + . .        U - +9 crystal plate armour of Nuumuss {rPois}
rPois   ∞            u - +1 helmet of Feinkech {rC+ Will+ rCorr}
rElec   +            E - +2 cloak {rPois}
rCorr   +            A - +2 pair of gloves {Dex+3}
SInv    .            V - +0 pair of boots of Anaesthesia {Rampage rF+}
Will    +++..        L - brooch of Shielding {Spirit SH+8} Stlth
                     f - +5 ring of evasion
HPRegen 0.52/turn    K - +4 ring of protection
MPRegen 0.24/turn

%: guardian spirit, rampage
@: flying, studying Invocations
A: sickness immunity, AC +20, big wings, negative energy resistance 1,
electricity resistance, torment resistance 1, petrification resistance,
screaming 1, heat vulnerability 1, subdued magic 2
0: Orb of Zot
}: 3/15 runes: barnacled, slimy, gossamer
a: Renounce Religion, Heroism, Finesse, Duel


You escaped.
You worshipped Okawaru.
Okawaru was extremely pleased with you.
You visited 9 branches of the dungeon, and saw 48 of its levels.
You visited the Abyss 4 times.
You visited 1 bazaar.
You also visited: Sewer, Gauntlet, Ice Cave and Wizlab.

You collected 5452 gold pieces.
You spent 3927 gold pieces at shops.

Inventory:

Hand Weapons
 a - a +9 broad axe of freezing (weapon)
 w - the +7 broad axe "Ezolauxt" {distort, +Blink rCorr}
   (You found it on level 5 of the Lair of Beasts)

   +Blink:    It lets you blink.
   rCorr:     It protects you from acid and corrosion.
Missiles
 T - 6 throwing nets
Armour
 u - the +1 helmet of Feinkech (worn) {rC+ Will+ rCorr}
   (You found it on level 5 of the Pits of Slime)

   rC+:       It protects you from cold.
   Will+:     It increases your willpower.
   rCorr:     It protects you from acid and corrosion.
 A - a +2 pair of gloves of dexterity (worn)
 E - a +2 cloak of poison resistance (worn)
 F - a +8 tower shield (worn)
 N - the +15 Maxwell's patent armour {-Cast -Tele rElec Will+ rCorr}
   (Okawaru gifted it to you on level 1 of the Lair of Beasts)

   rElec:     It insulates you from electricity.
   Will+:     It increases your willpower.
   -Cast:     It prevents spellcasting.
   -Tele:     It prevents most forms of teleportation.
   rCorr:     It protects you from acid and corrosion.
 U - the +9 crystal plate armour of Nuumuss (worn) {rPois}
   (You acquired it on level 4 of the Depths)

   rPois:     It protects you from poison.
 V - the +0 pair of boots of Anaesthesia (worn) {Rampage rF+}
   (You found it in a Gauntlet)

   rF+:       It protects you from fire.
   Rampage:   It bestows one free step when moving towards enemies.
Jewellery
 f - a +5 ring of evasion (left hand)
 v - the amulet of the Four Winds {rN+ Will+++ Clar}
   (You found it on level 4 of the Shoals)

   [amulet of nothing]

   rN+:       It protects you from negative energy.
   Will+++:   It greatly increases your willpower.
   Clar:      It protects you from confusion, rage, mesmerisation and fear.
 K - a +4 ring of protection (right hand)
 L - the brooch of Shielding (around neck) {Spirit SH+8}
   (You bought it in a shop on level 2 of the Vaults)

   [amulet of guardian spirit]

   Spirit:    It causes incoming damage to be divided between your reserves of
   health and magic.
   SH+8:      It affects your SH (+8).
 P - a ring of resist corrosion
 S - a ring of protection from cold
Wands
 e - a wand of digging (11)
 y - a wand of mindburst (31)
 D - a wand of iceblast (45)
 J - a wand of flame (105)
 R - a wand of acid (28)
 W - a wand of polymorph (14)
Scrolls
 d - 5 scrolls of fear
 g - 5 scrolls of fog
 h - 9 scrolls of immolation {!r}
 j - 5 scrolls of enchant weapon
 l - a scroll of torment {!r}
 o - 7 scrolls of silence
 s - 2 scrolls of enchant armour
 x - 15 scrolls of teleportation
 B - 6 scrolls of poison
 H - 5 scrolls of blinking
 Q - 2 scrolls of revelation
 Z - 3 scrolls of brand weapon
Potions
 c - 8 potions of attraction {!q}
 i - 13 potions of enlightenment
 m - 5 potions of heal wounds {@q2}
 n - 5 potions of haste
 p - 4 potions of might
 q - 8 potions of curing {@q1}
 r - 6 potions of mutation {!q}
 t - 3 potions of cancellation
 z - 4 potions of berserk rage {!q}
 C - 5 potions of lignification {!q}
 G - 5 potions of invisibility
 I - 6 potions of magic
Miscellaneous
 b - a phial of floods
 X - a lightning rod (4/4)


   Skills:
 + Level 26.7 Fighting
 - Level 17.7(18.0) Axes
 - Level 4.3(12.4) Polearms
 + Level 26.7 Armour
 - Level 10.0 Dodging
 - Level 20.0 Shields
 - Level 2.0 Spellcasting
 - Level 3.2 Conjurations
 - Level 15.0 Invocations
 - Level 10.0 Evocations


You had 29 spell levels left.
You knew the following spells:

 Your Spells              Type           Power      Damage    Failure   Level
a - Kiss of Death         Conj/Necr      16%        2d6       63%         1

Your spell library contained the following spells:

 Spells                   Type           Power      Damage    Failure   Level
 Magic Dart               Conj           32%        1d4       36%         1
 Searing Ray              Conj           16%        2d5       52%         2
 Foxfire                  Conj/Fire      16%        2x1d4     63%         1
 Shock                    Conj/Air       16%        1d4       63%         1
 Sting                    Conj/Alch      16%        1d4       63%         1
 Momentum Strike          Conj/Tloc      8%         3d8       77%         2
 Static Discharge         Conj/Air       8%         3-4/arc   77%         2
 Apportation              Tloc           2%         N/A       85%         1
 Necrotise                Necr           4%         1d4       85%         1
 Sandblast                Erth           2%         2d4       85%         1
 Slow                     Hex            4%         N/A       85%         1
 Ensorcelled Hibernation  Hex/Ice        2%         N/A       94%         2
 Jinxbite                 Hex            2%         N/A       94%         2
 Hailstorm                Conj/Ice       4%         3d5       95%         3
 Stone Arrow              Conj/Erth      8%         3d7       95%         3
 Confusing Touch          Hex            1%         N/A       99%         3
 Fugue of the Fallen      Necr           1%         N/A       99%         3
 Passwall                 Erth           1%         N/A       99%         3
 Sigil of Binding         Hex            1%         N/A       99%         3
 Swiftness                Air            1%         N/A       99%         3
 Vampiric Draining        Necr           1%         2d6       99%         3
 Volatile Blastmotes      Fire/Tloc      2%         2d10      99%         3
 Airstrike                Air            0%         2d(1-17)  100%        4
 Anguish                  Hex/Necr       0%         N/A       100%        4
 Cause Fear               Hex            0%         N/A       100%        4
 Dispel Undead            Necr           1%         3d6       100%        4
 Flame Wave               Conj/Fire      4%         2d5       100%        4
 Fulminant Prism          Conj/Alch      2%         3d5       100%        4
 Ignite Poison            Fire/Alch      1%         N/A       100%        4
 Iskenderun's Mystic Bla  Conj/Tloc      4%         2d3       100%        4
 Leda's Liquefaction      Alch/Erth      0%         N/A       100%        4
 Manifold Assault         Tloc           1%         N/A       100%        4
 Passage of Golubria      Tloc           1%         N/A       100%        4
 Sticky Flame             Fire/Alch      1%         2d4       100%        4
 Vhi's Electric Charge    Tloc/Air       2%         N/A       100%        4
 Alistair's Intoxication  Alch           0%         N/A       100%        5
 Arcjolt                  Conj/Air       2%         1d12      100%        5
 Borgnjor's Vile Clutch   Necr/Erth      0%         N/A       100%        5
 Curse of Agony           Necr           1%         N/A       100%        5
 Fireball                 Conj/Fire      2%         3d4       100%        5
 Freezing Cloud           Conj/Ice/Air   1%         6-21      100%        5
 Iskenderun's Battlesphe  Conj           8%         2d6       100%        5
 Lee's Rapid Deconstruct  Erth           0%         3d4*      100%        5
 Yara's Violent Unravell  Hex/Alch       0%         3d3       100%        5
 Bombard                  Conj/Erth      2%         9d1       100%        6
 Dispersal                Tloc           0%         N/A       100%        6
 Plasma Beam              Fire/Air       0%         2x1d10    100%        6
 Starburst                Conj/Fire      2%         6d3       100%        6
 Enfeeble                 Hex            0%         N/A       100%        7
 Orb of Destruction       Conj           4%         9d5       100%        7
 Borgnjor's Revivificati  Necr           0%         N/A       100%        8
 Disjunction              Tloc           0%         N/A       100%        8
 Ignition                 Fire           0%         3d3       100%        8
 Maxwell's Capacitive Co  Air            0%         ∞         100%        8
 Chain Lightning          Conj/Air       2%         3d2       100%        9
 Death's Door             Necr           0%         N/A       100%        9
 Fire Storm               Conj/Fire      2%         8d1       100%        9
 Shatter                  Erth           0%         3d5*      100%        9
 Summon Small Mammal      Summ           Unusable   N/A       N/A         1
 Cigotuvi's Dreadful Rot  Necr/Alch/Air  Unusable   N/A       N/A         2
 Tukima's Dance           Hex            Unusable   N/A       N/A         3
 Animate Armour           Summ/Erth      Unusable   N/A       N/A         4
 Martyr's Knell           Necr/Summ      Unusable   N/A       N/A         4
 Summon Blazeheart Golem  Fire/Summ      Unusable   N/A       N/A         4
 Haunt                    Necr/Summ      Unusable   N/A       N/A         7
 Spellforged Servitor     Conj/Summ      Unusable   N/A       N/A         7
 Dragon's Call            Summ           Unusable   N/A       N/A         9

Dungeon Overview and Level Annotations

Branches:
Dungeon (15/15)              Lair (5/5) D:9          Shoals (4/4) Lair:2
 Spider (4/4) Lair:2        Slime (5/5) Lair:5          Orc (2/2) D:12
    Elf (0/3) Orc:2        Vaults (4/5) D:14          Crypt (0/3) Vaults:2
 Depths (4/4) D:15            Zot (5/5) Depths:4      Sewer (visited)
  IceCv (visited)          WizLab (visited)         Gauntlet (visited)
 Temple: D:4-7

Altars:
Dithmenos
Fedhas
Gozag
Kikubaaqudgha
Makhleb
Nemelex Xobeh
Okawaru
Xom
Beogh
Jiyva
Lugonu

Shops:
D:7 *   D:8 !:   D:11 :   D:13 (   Orc:1 =?   Orc:2 =(*[   Vaults:2 =*
Vaults:3 [   Zot:2 *   Depths:2 (

Portals:
Hell: Depths:1 Depths:2 Depths:3 Depths:4
Abyss: Lair:5 Depths:3
Pandemonium: Depths:2 Depths:4
Ziggurat: Depths:2
Trove: Depths:3 (give 12 potions of heal wounds)

Annotations:
D:8 3 runed translucent doors, Skimidon's ghost, novice BaHu
D:9 1 runed translucent door, Drangen's ghost, novice CoHu
D:13 2 transporters, EnergyMaker's ghost, journeyman MDBe
Lair:4 exclusion: oklob plant
Spider:3 3 runed translucent doors, Nuutul's ghost, adept SpEn
Vaults:2 36 runed translucent doors
Vaults:4 3 runed translucent doors, Bidatih's ghost, adept MiBe; Lianjan's ghost, adept GnWr
Zot:2 3 runed translucent doors, exclusion: obsidian statue, Lioda's ghost, legendary MiBe
Abyss:1 Aizul; Saint Roka


Innate Abilities, Weirdness & Mutations

You are immune to sickness and miasma.
Your stone body is resilient. (AC +20)
You are immune to poison.
Your large and strong wings let you fly.
You resist negative energy. (rN+)
You are resistant to electric shocks. (rElec)
You are resistant to unholy torment.
You are immune to petrification.
You occasionally shout uncontrollably at your foes.
You are vulnerable to heat. (rF-)
Your spells are easier to cast, but less powerful.


Message History

You carve the Ice Fiend like a ham!!!
The Ice Fiend is heavily wounded.
You hit the Ice Fiend but do no damage.
The Ice Fiend is heavily wounded.
You block the Ice Fiend's attack. x2
You open the Ice Fiend like a pillowcase!!!
The Ice Fiend is almost dead.
The Ice Fiend calls on the powers of darkness!
Your body is wracked with pain!
You closely miss the Ice Fiend.
The Ice Fiend is almost dead.
The Ice Fiend gestures at you. The bolt of cold hits you. You resist.
You slash the Ice Fiend!
The Ice Fiend is almost dead.
You hit the Ice Fiend.
The Ice Fiend is almost dead.
The Ice Fiend claws you but does no damage.
You block the Ice Fiend's attack.
You slash the Ice Fiend!
You kill the Ice Fiend!
Okawaru accepts your kill.
You see here a ball python skeleton.
A Hitupsuu and a large abomination come into view.
Press: ? - help, v - describe, . - travel
Here: Hitupsuu The floor.
Blink to where?
Press: ? - help, Dir - move target
As you read the scroll of blinking, it crumbles to dust.
The large abomination moves out of view.
There is a stone staircase leading up here.
You fly upwards.
There is a stone staircase leading down here.
A shadow demon comes into view.
The shadow demon gestures.
The shadow demon gestures.
There is a stone staircase leading down here.
There is a staircase leading out of the dungeon here.
You have escaped!

#.# ####..####..####.# ..#
##......####....#.# ###
#..░░░░..# #..###.### #.░░
░░.###......##. ######.░
░.##..##...##. ##......░░
░░......#......
#..≈≈≈≈..░░░░..≈≈≈≈..)#.###
#.≈≈≈≈≈≈......≈≈≈§≈≈.......
#.≈≈≈≈≈≈..@>..≈≈≈≈§§§..#...
#.≈≈≈≈≈≈......≈≈≈≈≈≈§......
#..≈≈≈≈...##...≈≈§≈§§.##...
##.......###........#......
###.##.####.....#)......##
#.............+.......÷.
##########....##.....###
#....##.....# #....#......#


There were no monsters in sight!

Vanquished Creatures
  the Royal Jelly (Arena)
  3 orbs of fire
  8 ancient liches
  Mara (Shoals:3)
  Josephina (Zot:4)
  Vv (Zot:2)
  Sojobo (Vaults:4)
  Bai Suzhen (Arena)
  5 Killer Klowns (Zot:5)
  A caustic shrike (Depths:4)
  Margery (Arena)
  9 golden dragons
  Norris (Abyss:3)
  Jory (Vaults:3)
  3 bone dragons (Abyss:3)
  Arachne (Abyss:3)
  A hellephant (Vaults:2)
  The ghost of Minguic the Brawler, an adept TrHW of Okawaru (Spider:1)
  A Brimstone Fiend (D:15)
  17 tentacled monstrosities
  Rupert (Lair:4)
  An Ice Fiend (D:2)
  3 electric golems
  22 Orb Guardians
  5 liches
  2 quicksilver dragons
  A titan (Depths:4)
  10 acid blobs
  3 sphinxes
  6 tentacled starspawn
  An Executioner (Abyss:3)
  6 death cobs
  Gastronok (D:12)
  12 storm dragons
  3 protean progenitors
  4 tengu reavers
  2 draconian monks
  Ilsuiw (Shoals:2)
  5 shadow dragons
  3 emperor scorpions
  7 azure jellies
  6 fire giants
  7 rockslimes
  5 frost giants
  A deep elf sorcerer (Depths:4)
  7 vault wardens
  5 draconian knights
  A deep elf elementalist (Depths:4)
  3 draconian scorchers
  2 draconian shifters
  An angel (D:14)
  8 ghost moths
  5 orc warlords
  A spriggan defender (Depths:3)
  3 formless jellyfish
  A draconian stormcaller (Zot:2)
  12 ironbound preservers
  A cacodemon (Zot:1)
  8 ironbound thunderhulks
  2 draconian annihilators
  10 quicksilver oozes
  5 broodmothers
  A caustic shrike skeleton (Depths:4)
  10 stone giants
  10 black draconians
  A vampire knight (Depths:4)
  15 very ugly things
  2 green draconians
  Nessos (Lair:5)
  A lorocyproca (D:15)
  3 deep elf death magi
  9 dire elephants
  2 deep elf annihilators
  11 purple draconians
  A deep elf demonologist (Depths:4)
  7 spark wasps
  4 white draconians
  7 red draconians
  2 minotaurs
  Azrael (D:13)
  4 yellow draconians
  An eidolon (Abyss:3)
  7 statues (WizLab)
  A crystal guardian (Vaults:4)
  Snorg (D:13)
  11 fire dragons
  7 ettins
  4 merfolk javelineers
  8 merfolk impalers (Shoals:4)
  7 yaktaur captains
  5 entropy weavers
  13 great orbs of eyes
  2 deep elf high priests (Depths:4)
  3 hydras
  8 ice dragons
  5 rakshasas
  Fannar (Lair:3)
  A vault guard (D:14)
  Harold (D:10)
  2 ogre magi
  6 ironbound frosthearts
  A peacekeeper (Vaults:4)
  3 jorogumos
  2 spriggan air magi
  A catoblepas (Lair:4)
  21 centaur warriors
  4 merfolk aquamancers
  7 two-headed ogres
  A salamander tyrant (Depths:3)
  5 radroaches
  4 deep troll shamans
  8 boulder beetles
  8 tengu warriors
  A two-headed ogre (shapeshifter) (D:14)
  A merfolk avatar (Abyss:3)
  10 death yaks
  4 hell hogs (Abyss:3)
  12 demonic crawlers
  3 vampire magi
  A naga warrior (Abyss:4)
  6 deep troll earth magi
  3 shock serpents (Zot:5)
  13 thrashing horrors
  5 spriggan berserkers
  Urug (Lair:3)
  2 occultists
  3 hell knights (Vaults:2)
  2 sun demons (Abyss:3)
  A deep elf knight (Spider:1)
  4 sixfirhies
  7 wretched stars (Abyss:3)
  Amaemon (Lair:3)
  6 iron trolls
  2 titan skeletons
  A spark wasp zombie (Depths:4)
  A shadow wraith (Vaults:1)
  11 skysharks
  Lodul (D:13)
  13 sea snakes
  A spatial maelstrom (Abyss:3)
  5 pharaoh ants
  A quicksilver dragon simulacrum (Zot:4)
  10 arcanists
  A shadow demon (Depths:2)
  9 glowing orange brains
  A sun moth (Spider:4)
  2 flayed ghosts
  15 orb spiders
  8 harpies
  57 deep trolls
  A deep elf archer (Spider:1)
  10 orc knights
  A steelbarb worm (Spider:1)
  8 necromancers
  3 deep elf pyromancers
  10 lindwurms
  A phantasmal warrior (Depths:3)
  12 ironbound convokers
  2 shining eyes (Slime:5)
  3 orc sorcerers
  8 fauns
  3 worldbinders (Abyss:3)
  44 ugly things
  A shadow dragon skeleton (Depths:1)
  A faun (shapeshifter) (Depths:4)
  32 wolf spiders
  12 cyclopes
  A moth of wrath (shapeshifter) (D:14)
  2 salamanders (Depths:3)
  15 manticores
  A human skeleton (Vaults:1)
  24 moths of wrath
  12 merfolk sirens
  4 meliai
  9 elephants
  A rust devil (Abyss:3)
  5 kobold blastminers
  A stone giant skeleton (Depths:1)
  10 vault sentinels
  9 water nymphs
  25 slime creatures
  6 smoke demons
  4 black mambas
  3 orange demons
  A gargoyle (D:12)
  3 torpor snails
  Jeremiah (D:7)
  21 large abominations
  10 cane toads
  An eye of devastation (Abyss:4)
  A hellion (Abyss:3)
  A rime drake (Lair:5)
  4 unseen horrors
  37 yaktaurs
  12 komodo dragons
  23 tengu conjurers
  A tormentor (Abyss:3)
  2 yaktaur skeletons
  2 efreet (Abyss:3)
  3 freezing wraiths
  An elf skeleton (Vaults:1)
  4 ancient zymes (Abyss:3)
  A polar bear (shapeshifter) (D:15)
  A queen bee (shapeshifter) (Lair:5)
  A hellwing (Abyss:3)
  2 harpy zombies (Abyss:3)
  28 merfolk
  A hydra zombie (Abyss:3)
  6 trolls
  27 raiju
  Grinder (Sewer)
  3 polar bears
  27 tarantellas
  16 blink frogs
  8 wind drakes
  10 glass eyes
  A stone giant simulacrum (Abyss:4)
  4 dream sheep
  8 snapping turtles
  Prince Ribbit (D:7)
  A frost giant simulacrum (Depths:1)
  23 jumping spiders
  15 water elementals
  18 culicivoras
  A vampire (D:12)
  6 ynoxinuls
  A jumping spider (shapeshifter) (Lair:5)
  A shadow (D:9)
  A spriggan (Lair:5)
  9 wraiths
  19 yaks
  8 wargs
  20 starcursed masses (Abyss:3)
  4 fire bats (Abyss:3)
  6 vampire mosquitoes
  Grum (D:8)
  9 basilisks
  7 wyverns
  An ettin skeleton (Vaults:2)
  5 fire elementals (D:13)
  A golden eye (Abyss:3)
  4 neqoxecs
  46 redbacks
  2 steam dragons
  2 spatial vortices (Abyss:3)
  7 chaos spawn
  2 acid dragons (D:10)
  8 water moccasins
  A naga (Abyss:4)
  2 hell hounds
  2 sky beasts
  An ice beast (shapeshifter) (Depths:4)
  25 laughing skulls (Abyss:3)
  5 boggarts (Vaults:2)
  27 orc warriors
  29 small abominations
  2 spriggan simulacra
  5 black bears
  27 ogres
  24 wolves
  2 ice beasts
  23 centaurs
  9 kobold brigands
  5 weeping skulls (Abyss:3)
  9 bullfrogs
  A gnoll sergeant (D:9)
  3 brain worms (Abyss:3)
  4 scorpions
  13 wights
  5 killer bees (D:9)
  4 electric eels
  2 howler monkeys
  3 hounds
  An iron imp (Abyss:3)
  3 jellies
  31 orc priests
  2 bombardier beetles
  2 quasits
  Crazy Yiuf (D:7)
  A sleepcap (D:6)
  Ijyb (D:5)
  An iguana (D:4)
  4 hell rats (Lair:3)
  24 orc wizards
  A scorpion zombie (D:3)
  A boggart simulacrum (D:14)
  2 hound skeletons (D:3)
  A howler monkey skeleton (D:3)
  11 adders
  3 gnolls (D:9)
  7 shadow imps
  3 white imps
  5 ufetubi
  2 adder skeletons (D:3)
  2 dart slugs (D:2)
  3 ribbon worms
  85 orcs
  12 ball pythons
  7 endoplasms
  6 giant cockroaches
  8 goblins
  12 hobgoblins
  3 jackals
  2 quokkas (D:4)
  2 ball python skeletons (D:3)
  6 bats
  11 frilled lizards
  31 kobolds
  A kobold zombie (Sewer)
  2 quokka zombies (D:3)
  4 rats
  A lurking horror (Abyss:3)
  13 starspawn tentacles (Abyss:3)
  9 tentacles
2074 creatures vanquished.

Vanquished Creatures (others)
  A green draconian (Zot:2)
  A purple draconian (Zot:2)
  A deep troll (Vaults:3)
  A tengu conjurer (Depths:4)
  A ghost moth simulacrum (Zot:4)
  A shadow dragon simulacrum (Zot:4)
  A merfolk (Shoals:1)
  2 raiju (Abyss:3)
  2 moth of wrath simulacra (Zot:4)
  An orc (Orc:2)
  10 starspawn tentacles (Abyss:3)
  21 tentacles
43 creatures vanquished.

Grand Total: 2117 creatures vanquished

Notes
Turn   | Place    | Note
-------+----------+-------------------------------------------
     0 | D:1      | Kenran the Gargoyle Reaver began the quest for the Orb.
     0 | D:1      | Reached XP level 1. HP: 12/12 MP: 3/3
   114 | D:1      | Reached XP level 2. HP: 5/17 MP: 5/5
   631 | D:2      | Reached XP level 3. HP: 21/21 MP: 6/6
   937 | D:2      | Reached XP level 4. HP: 26/26 MP: 7/7
   947 | D:2      | Reached skill level 1 in Axes
  1336 | D:3      | Reached XP level 5. HP: 30/30 MP: 8/8
  1602 | D:3      | Reached XP level 6. HP: 33/35 MP: 9/9
  1830 | D:3      | Found a faded altar of an unknown god.
  2178 | D:4      | Reached skill level 5 in Axes
  2268 | D:4      | Identified the +3 rapier of Ytsifed {pain, rCorr}
  2296 | D:4      | Reached XP level 7. HP: 40/40 MP: 10/10
  2410 | D:4      | Found a glowing drain.
  2482 | Sewer    | Entered a sewer
  2622 | Sewer    | Found a burning altar of Makhleb.
  2806 | Sewer    | Noticed Grinder
  2861 | Sewer    | Paralysed by Grinder for 4 turns
  2870 | Sewer    | Killed Grinder
  2871 | Sewer    | Reached XP level 8. HP: 44/44 MP: 11/11
  3035 | D:4      | Found a burning altar of Makhleb.
  3746 | D:4      | Found an iron altar of Okawaru.
  4059 | D:4      | Became a worshipper of Warmaster Okawaru
  4071 | D:5      | Entered Level 5 of the Dungeon
  4311 | D:5      | Noticed Ijyb
  4328 | D:5      | HP: 3/66 [Ijyb/+0 dagger (2)]
  4329 | D:5      | Killed Ijyb
  4681 | D:5      | Found an ancient bone altar of Kikubaaqudgha.
  5051 | D:6      | Identified the +8 spear "Gymucota" {flame, Will- Int+2
                  | Dex+5}
  5170 | D:6      | Reached * piety under Okawaru
  5171 | D:6      | Reached skill level 1 in Armour
  5171 | D:6      | Reached XP level 9. HP: 31/48 MP: 12/12
  5954 | D:7      | Found Acwon's Assorted Antiques.
  5959 | D:7      | Reached ** piety under Okawaru
  5960 | D:7      | Reached skill level 10 in Axes
  6003 | D:7      | Noticed Prince Ribbit
  6018 | D:7      | Killed Prince Ribbit
  6099 | D:7      | Noticed Jeremiah
  6125 | D:7      | Killed Jeremiah
  6126 | D:7      | Reached skill level 5 in Fighting
  6273 | D:7      | Bought a scroll labelled DENEEF XECITI for 30 gold pieces
  6273 | D:7      | Bought a sedimented emerald potion for 27 gold pieces
  6273 | D:7      | Bought a scroll labelled XATUSEUSEI for 30 gold pieces
  6335 | D:7      | Noticed a troll
  6340 | D:7      | Killed a troll
  6493 | D:7      | Reached XP level 10. HP: 60/60 MP: 13/13
  6833 | D:7      | Found a runed translucent door.
  6834 | D:7      | Noticed Crazy Yiuf
  7034 | D:7      | Killed Crazy Yiuf
  7248 | D:8      | Reached *** piety under Okawaru
  7457 | D:8      | Found a runed translucent gate.
  7458 | D:8      | Found a runed translucent gate.
  7458 | D:8      | Noticed a cyclops
  7459 | D:8      | Found a runed translucent gate.
  7459 | D:8      | Noticed Skimidon's ghost (novice BaHu)
  7595 | D:8      | Found Direpis's Book Boutique.
  7690 | D:8      | Noticed Grum
  7919 | D:8      | Killed Grum
  8039 | D:8      | Reached skill level 5 in Armour
  8123 | D:8      | Found a blossoming altar of Fedhas.
  8124 | D:8      | Found an opulent altar of Gozag.
  8347 | D:8      | Found Woohessy's Distillery.
  8355 | D:8      | Bought 2 potions of heal wounds for 120 gold pieces
  8355 | D:8      | Bought a potion of curing for 36 gold pieces
  8355 | D:8      | Bought a potion of haste for 120 gold pieces
  8355 | D:8      | Bought a potion of invisibility for 96 gold pieces
  8355 | D:8      | Bought a potion of heal wounds for 60 gold pieces
  8671 | D:9      | Reached **** piety under Okawaru
  8870 | D:9      | Found a runed translucent door.
  8874 | D:9      | Noticed Drangen's ghost (novice CoHu)
  8874 | D:9      | Identified the +7 trident of Greed {freeze, Str-5 Dex+4}
  9612 | D:9      | Reached XP level 11. HP: 36/66 MP: 6/14
  9768 | D:9      | Found a staircase to the Lair.
 10068 | D:10     | Entered Level 10 of the Dungeon
 10185 | D:10     | Noticed Harold
 10204 | D:10     | Noticed a centaur warrior
 10220 | D:10     | Killed Harold
 10227 | D:10     | Killed a centaur warrior
 10227 | D:10     | Reached ***** piety under Okawaru
 11118 | D:10     | Noticed a three-headed hydra
 11126 | D:10     | Killed a one-headed hydra
 11516 | Lair:1   | Entered Level 1 of the Lair of Beasts
 11938 | Lair:1   | Reached XP level 12. HP: 35/73 MP: 8/15
 12272 | Lair:1   | Reached ****** piety under Okawaru
 12272 | Lair:1   | Received a gift from Okawaru
 12384 | Lair:1   | Acquired a +2 heavy executioner's axe
 12384 | Lair:1   | Received a gift from Okawaru
 12389 | Lair:1   | Acquired the +15 Maxwell's patent armour {-Cast -Tele rElec
                  | Will+ rCorr}
 12389 | Lair:1   | Received a gift from Okawaru
 12389 | Lair:1   | Found the +15 Maxwell's patent armour {-Cast -Tele rElec
                  | Will+ rCorr}
 12533 | Lair:1   | Reached skill level 15 in Axes
 12700 | Lair:1   | Noticed a death yak
 12700 | Lair:1   | Noticed a death yak
 12701 | Lair:1   | Noticed a death yak
 12722 | Lair:1   | Killed a death yak
 12737 | Lair:1   | Killed a death yak
 12742 | Lair:1   | Killed a death yak
 12921 | Lair:1   | Received a gift from Okawaru
 13428 | Lair:2   | Found a frozen archway.
 13523 | IceCv    | Entered an ice cave
 13900 | Lair:2   | Reached skill level 10 in Armour
 13980 | Lair:2   | Found a hole to the Spider Nest.
 14022 | Lair:2   | Reached XP level 13. HP: 78/78 MP: 16/16
 14055 | Lair:2   | Found a runed translucent door.
 14170 | Lair:2   | Identified the +0 plate armour of Pantheism {rElec}
 14194 | Lair:2   | Reached skill level 1 in Invocations
 14209 | Lair:2   | Received a gift from Okawaru
 14476 | Lair:2   | Found a staircase to the Shoals.
 14832 | Lair:2   | Noticed a minotaur
 14849 | Lair:2   | Killed a minotaur
 15154 | Lair:3   | Noticed Amaemon
 15180 | Lair:3   | Killed Amaemon
 15215 | Lair:3   | Received a gift from Okawaru
 15221 | Lair:3   | Noticed Urug
 15235 | Lair:3   | Killed Urug
 15343 | Lair:3   | Noticed Fannar
 15363 | Lair:3   | Killed Fannar
 15630 | Lair:3   | Reached skill level 5 in Invocations
 16375 | Lair:4   | Received a gift from Okawaru
 16498 | Lair:4   | Noticed Rupert
 16526 | Lair:4   | Killed Rupert
 17417 | Lair:5   | Entered Level 5 of the Lair of Beasts
 17417 | Lair:5   | Found a viscous altar of Jiyva.
 17417 | Lair:5   | Found a staircase to the Slime Pits.
 17559 | Lair:5   | Noticed Nessos
 17569 | Lair:5   | Killed Nessos
 17570 | Lair:5   | Gained mutation: Your large and strong wings let you fly.
                  | [Gargoyle growth]
 17570 | Lair:5   | Reached XP level 14. HP: 65/84 MP: 14/17
 18036 | Lair:5   | Received a gift from Okawaru
 18523 | Lair:5   | Reached skill level 1 in Evocations
 19070 | Lair:5   | Received a gift from Okawaru
 19165 | Lair:5   | Found a corrupted altar of Lugonu.
 19165 | Lair:5   | Found a one-way gate to the infinite horrors of the Abyss.
 19185 | Lair:5   | Identified the +7 broad axe "Ezolauxt" {distort, +Blink
                  | rCorr}
 19758 | D:11     | Found a gate leading to a gauntlet.
 19766 | Gauntlet | Entered a Gauntlet
 19766 | Gauntlet | Found a transporter.
 19769 | Gauntlet | Found a transporter.
 19785 | Gauntlet | Found a transporter.
 19789 | Gauntlet | Found a transporter.
 19810 | Gauntlet | Found a transporter.
 19823 | Gauntlet | Found a transporter.
 19837 | Gauntlet | Found a transporter.
 19867 | Gauntlet | Found a transporter.
 19867 | Gauntlet | Found a transporter.
 19874 | Gauntlet | Found a transporter.
 19884 | Gauntlet | Noticed a dire elephant
 19904 | Gauntlet | Found a transporter.
 19908 | Gauntlet | Found a transporter.
 19993 | Gauntlet | Killed a dire elephant
 20042 | Gauntlet | Reached skill level 10 in Fighting
 20052 | Gauntlet | Identified the +0 pair of boots of Anaesthesia {Rampage
                  | rF+}
 20281 | D:11     | Reached skill level 5 in Evocations
 20293 | D:11     | Found Milutagurr's Book Boutique.
 20658 | D:12     | Found a staircase to the Orcish Mines.
 20836 | D:12     | Received a gift from Okawaru
 20972 | D:12     | Reached XP level 15. HP: 80/96 MP: 18/18
 21004 | D:12     | Reached skill level 1 in Shields
 21004 | D:12     | Noticed Gastronok
 21033 | D:12     | Killed Gastronok
 21090 | D:12     | Received a gift from Okawaru
 21266 | D:12     | Reached skill level 5 in Shields
 21330 | D:12     | You are sucked into a shaft and drop 2 floors!
 21358 | D:13     | Noticed Azrael
 21379 | D:13     | Killed Azrael
 21419 | D:13     | Noticed Snorg
 21422 | D:13     | Noticed Lodul
 21453 | D:13     | Killed Snorg
 21466 | D:13     | Killed Lodul
 21551 | D:13     | Found Equwkeze's Antique Weapon Shop.
 21614 | D:13     | Received a gift from Okawaru
 21722 | D:13     | Found a transporter.
 21817 | D:13     | Found a transporter.
 21833 | D:13     | Noticed EnergyMaker's ghost (journeyman MDBe)
 22666 | D:14     | Received a gift from Okawaru
 22738 | D:14     | Found a gate to the Vaults.
 22798 | D:14     | Found a shimmering altar of Xom.
 22798 | D:14     | Found a shimmering altar of Xom.
 23512 | D:15     | Entered Level 15 of the Dungeon
 23548 | D:15     | Identified the +2 long sword "Gexesoz" {flame, +Blink
                  | Str+2}
 23978 | D:15     | Reached skill level 15 in Fighting
 23987 | D:15     | Found a staircase to the Depths.
 24168 | D:15     | Found a sparkling altar of Nemelex Xobeh.
 24309 | Orc:1    | Entered Level 1 of the Orcish Mines
 24349 | Orc:1    | Found Hajosch Suta's Jewellery Emporium.
 24446 | Orc:1    | Found Fowaqeif's Magic Scroll Boutique.
 24452 | Orc:1    | Bought a scroll of blinking for 97 gold pieces
 24452 | Orc:1    | Bought a scroll of blinking for 97 gold pieces
 24452 | Orc:1    | Bought a scroll of enchant armour for 97 gold pieces
 24571 | Orc:2    | Entered Level 2 of the Orcish Mines
 24571 | Orc:2    | Noticed an orc warlord
 24576 | Orc:1    | Reached XP level 16. HP: 97/108 MP: 19/19
 24753 | Orc:2    | Noticed Saint Roka
 24754 | Orc:2    | Received a gift from Okawaru
 25007 | Orc:2    | Banished Saint Roka
 25086 | Orc:2    | Found a roughly hewn altar of Beogh.
 25107 | Orc:2    | Found Wofafeon's Antique Weapon Shoppe.
 25110 | Orc:2    | Found Weipirphu's Antique Armour Shoppe.
 25164 | Orc:2    | Found Paedis's Jewellery Shoppe.
 25186 | Orc:2    | Found Gevyxur's General Store.
 25192 | Orc:2    | Bought a potion of haste for 170 gold pieces
 25192 | Orc:2    | Bought a phial of floods for 680 gold pieces
 25337 | Orc:2    | Found a staircase to the Elven Halls.
 25496 | Orc:2    | Found a roughly hewn altar of Beogh.
 26155 | Spider:1 | Entered Level 1 of the Spider Nest
 26247 | Spider:1 | Received a gift from Okawaru
 26394 | Spider:1 | Reached skill level 15 in Armour
 26474 | Spider:1 | Found a runed translucent door.
 26476 | Spider:1 | Noticed Minguic's ghost (adept TrHW)
 26546 | Spider:1 | Received a gift from Okawaru
 27044 | Spider:1 | Killed Minguic's ghost
 27081 | Spider:1 | Upgraded the game from 0.32-a0-613-g40f424ee2b to
                  | 0.32-a0-629-g87aaac5c70
 27116 | Spider:2 | Reached XP level 17. HP: 104/115 MP: 20/20
 27254 | Spider:2 | Received a gift from Okawaru
 27872 | Spider:2 | Received a gift from Okawaru
 28118 | Spider:3 | Found a runed translucent gate.
 28118 | Spider:3 | Found a runed translucent gate.
 28118 | Spider:3 | Found a runed translucent gate.
 28121 | Spider:3 | Noticed Nuutul's ghost (adept SpEn)
 29281 | Spider:4 | Entered Level 4 of the Spider Nest
 29319 | Spider:4 | Received a gift from Okawaru
 29715 | Spider:4 | Received a gift from Okawaru
 29726 | Spider:4 | Reached XP level 18. HP: 56/120 MP: 21/21
 29845 | Spider:4 | Got a gossamer rune of Zot
 29908 | Spider:4 | Noticed Arachne
 29936 | Spider:4 | Banished Arachne
 30441 | Spider:4 | Received a gift from Okawaru
 31219 | Shoals:1 | Entered Level 1 of the Shoals
 31219 | Shoals:1 | Identified the serpent talisman "Loatyaq" {rElec rF+}
 31219 | Shoals:1 | Noticed Aizul
 31229 | Shoals:1 | Banished Aizul
 31684 | Shoals:1 | Received a gift from Okawaru
 32450 | Shoals:2 | Reached skill level 10 in Invocations
 32757 | Shoals:2 | Noticed Ilsuiw
 32811 | Shoals:2 | Killed Ilsuiw
 33054 | Shoals:3 | Noticed Mara
 33069 | Shoals:3 | Noticed Kenran's illusion
 33087 | Shoals:3 | Noticed Kenran's illusion
 33088 | Abyss:3  | Found a corrupted altar of Lugonu.
 33088 | Abyss:3  | Cast into level 3 of the Abyss (Kenran's illusion)
 33103 | Abyss:3  | Received a gift from Okawaru
 33131 | Abyss:3  | Banished Aizul
 33157 | Abyss:3  | Reached XP level 19. HP: 132/132 MP: 21/26
 33278 | Shoals:3 | Escaped the Abyss
 33298 | Shoals:3 | Killed Mara
 33298 | Shoals:3 | Received a gift from Okawaru
 34051 | Shoals:4 | Entered Level 4 of the Shoals
 34283 | Arena    | Entered the Arena
 34338 | Shoals:4 | Got a barnacled rune of Zot
 34391 | Shoals:4 | Received a gift from Okawaru
 34442 | Shoals:4 | Found the amulet of the Four Winds {rN+ Will+++ Clar}
 34546 | Shoals:4 | Identified the ring of Geikecev {^Drain Fly rC+ Slay+2
                  | Stlth+}
 34767 | Shoals:4 | Reached skill level 10 in Shields
 34855 | Shoals:4 | Noticed Bai Suzhen
 34876 | Arena    | Entered the Arena
 34887 | Arena    | Killed Bai Suzhen
 34912 | Shoals:4 | HP: 3/135 [wind drake/the air (21)]
 34913 | Shoals:4 | HP: 1/135 [wind drake/the air (16)]
 35802 | Vaults:1 | Entered Level 1 of the Vaults
 35943 | Vaults:1 | Received a gift from Okawaru
 36131 | Vaults:1 | Reached skill level 5 in Dodging
 36338 | Vaults:1 | Reached XP level 20. HP: 112/140 MP: 27/27
 36504 | Vaults:1 | Received a gift from Okawaru
 36662 | Vaults:1 | Noticed Norris
 36689 | Vaults:1 | Banished Norris
 37297 | Vaults:1 | Noticed a dread lich
 37298 | Vaults:1 | You are sucked into a shaft and drop 1 floor!
 37539 | Vaults:2 | Found Irongija's General Store.
 37545 | Vaults:2 | Found a huge runed translucent gate.
 37545 | Vaults:2 | Found a huge runed translucent gate.
 37545 | Vaults:2 | Found a huge runed translucent gate.
 37545 | Vaults:2 | Found a huge runed translucent gate.
 37545 | Vaults:2 | Found a huge runed translucent gate.
 37545 | Vaults:2 | Found a huge runed translucent gate.
 37549 | Vaults:2 | Found a huge runed translucent gate.
 37549 | Vaults:2 | Found a huge runed translucent gate.
 37549 | Vaults:2 | Found a huge runed translucent gate.
 37598 | Vaults:2 | Bought a scroll of fear for 84 gold pieces
 37625 | Vaults:2 | Found Darevvok's Jewellery Shop.
 37976 | Vaults:2 | Received a gift from Okawaru
 38024 | Vaults:2 | Found a flickering gateway to a bazaar.
 38033 | Bazaar   | Entered a bazaar
 38033 | Bazaar   | Found Geest's Antique Armour Boutique.
 38043 | Bazaar   | Found Sotiy's General Store.
 38050 | Bazaar   | Bought a potion of heal wounds for 50 gold pieces
 38050 | Bazaar   | Bought a scroll of identify for 20 gold pieces
 38050 | Bazaar   | Bought a scroll of enchant armour for 75 gold pieces
 38072 | Bazaar   | Found Kuoboic's Magic Scroll Shoppe.
 38081 | Bazaar   | Found Taotaon's Armour Boutique.
 38089 | Bazaar   | Bought the +0 hat of the Eternal Void {rPois rC+ Str+5
                  | Int-3} for 343 gold pieces
 38614 | Vaults:2 | Noticed Margery
 38618 | Vaults:2 | Noticed a hellephant
 38623 | Arena    | Entered the Arena
 38633 | Arena    | Killed Margery
 38681 | Vaults:2 | Killed a hellephant
 38850 | Vaults:2 | Found a staircase to the Crypt.
 38937 | Vaults:2 | Found a huge runed translucent gate.
 38939 | Vaults:2 | Found a huge runed translucent gate.
 38939 | Vaults:2 | Found a huge runed translucent gate.
 38939 | Vaults:2 | Found a huge runed translucent gate.
 38942 | Vaults:2 | Found a huge runed translucent gate.
 38943 | Vaults:2 | Found a huge runed translucent gate.
 38943 | Vaults:2 | Found a huge runed translucent gate.
 38943 | Vaults:2 | Found a huge runed translucent gate.
 38943 | Vaults:2 | Found a huge runed translucent gate.
 38945 | Vaults:2 | Found a huge runed translucent gate.
 38946 | Vaults:2 | Found a huge runed translucent gate.
 38948 | Vaults:2 | Found a huge runed translucent gate.
 38948 | Vaults:2 | Found a huge runed translucent gate.
 38953 | Vaults:2 | Found a huge runed translucent gate.
 38954 | Vaults:2 | Found a huge runed translucent gate.
 38954 | Vaults:2 | Found a huge runed translucent gate.
 38954 | Vaults:2 | Found a huge runed translucent gate.
 38954 | Vaults:2 | Found a huge runed translucent gate.
 38956 | Vaults:2 | Found a huge runed translucent gate.
 38957 | Vaults:2 | Found a huge runed translucent gate.
 38958 | Vaults:2 | Found a huge runed translucent gate.
 38958 | Vaults:2 | Found a huge runed translucent gate.
 38979 | Vaults:2 | Found a huge runed translucent gate.
 38980 | Vaults:2 | Found a huge runed translucent gate.
 38981 | Vaults:2 | Found a huge runed translucent gate.
 38981 | Vaults:2 | Found a huge runed translucent gate.
 38983 | Vaults:2 | Found a huge runed translucent gate.
 39118 | Vaults:2 | Reached XP level 21. HP: 146/146 MP: 30/30
 39233 | Vaults:1 | Banished a dread lich
 39419 | Vaults:3 | Noticed Jory
 39434 | Vaults:3 | Killed Jory
 39457 | Vaults:3 | Received a gift from Okawaru
 39857 | Vaults:3 | Reached XP level 22. HP: 152/152 MP: 31/31
 39886 | Vaults:3 | Found Taotaon's Antique Armour Shoppe.
 39894 | Vaults:3 | Bought a pair of embroidered boots for 330 gold pieces
 40181 | Vaults:3 | Reached skill level 15 in Shields
 40594 | Vaults:3 | Received a gift from Okawaru
 40833 | Vaults:3 | Reached skill level 10 in Evocations
 41732 | Vaults:4 | Found a runed translucent gate.
 41732 | Vaults:4 | Found a runed translucent gate.
 41732 | Vaults:4 | Found a runed translucent gate.
 41733 | Vaults:4 | Noticed Lianjan's ghost (adept GnWr)
 41733 | Vaults:4 | Noticed Bidatih's ghost (adept MiBe)
 41816 | Vaults:4 | Noticed Sojobo
 41831 | Vaults:4 | Killed Sojobo
 41844 | Vaults:4 | Received a gift from Okawaru
 42594 | Depths:1 | Entered Level 1 of the Depths
 42861 | Depths:1 | Got the Almanac of the Vertex and Exhumation
 43144 | Depths:1 | Reached XP level 23. HP: 162/162 MP: 31/33
 43327 | Depths:1 | Found a shadowy altar of Dithmenos.
 43536 | Depths:1 | Found a gateway to Hell.
 43845 | Depths:2 | Received a gift from Okawaru
 44040 | Depths:2 | Found a blossoming altar of Fedhas.
 44072 | Depths:2 | Found a magical portal.
 44113 | WizLab   | Entered Iskenderun's Mystic Tower
 44549 | WizLab   | Reached skill level 15 in Invocations
 44736 | WizLab   | Received a gift from Okawaru
 45395 | WizLab   | Got Iskenderun's Discourse on the Volley
 45395 | WizLab   | Got Iskenderun's Incunable of Striking
 45503 | Depths:2 | Found Komups's Antique Weapon Shop.
 45531 | Depths:2 | Identified the +1 quarterstaff of Cheese {flame, rElec rF-
                  | rCorr Dex+5}
 45673 | Depths:2 | Found a one-way gate leading to the halls of Pandemonium.
 45678 | Depths:2 | Gained mutation: You occasionally shout uncontrollably at
                  | your foes. [a cacodemon]
 45893 | Depths:2 | Found a one-way gateway to a ziggurat.
 46324 | Vaults:2 | Bought the brooch of Shielding {Spirit SH+8} for 1365 gold
                  | pieces
 46324 | Vaults:2 | Found the brooch of Shielding {Spirit SH+8}
 46658 | Depths:4 | Entered Level 4 of the Depths
 46965 | Depths:3 | Received a gift from Okawaru
 47226 | Depths:3 | Found a portal to a secret trove of treasure.
 47445 | Depths:3 | Noticed a golden dragon
 47463 | Depths:3 | Identified the ring "Viczou" {rF+ rN+}
 47469 | Depths:3 | Noticed a golden dragon
 47473 | Depths:3 | Reached XP level 24. HP: 166/168 MP: 34/34
 47508 | Depths:3 | Identified the amulet "Pyizuku" {Spirit -Tele Int+7}
 47518 | Depths:3 | Identified the amulet "Yklirie" {Spirit rF++ SInv Stlth-}
 47521 | Depths:3 | Identified the amulet "Yrasmi" {Spirit rN+ Int+3}
 48121 | Depths:4 | Reached skill level 10 in Dodging
 48172 | Depths:4 | Received a gift from Okawaru
 48242 | Depths:4 | Found a gate to the Realm of Zot.
 48457 | Depths:4 | Noticed a caustic shrike
 48472 | Depths:4 | Killed a caustic shrike
 48927 | Depths:4 | Identified a scroll of acquirement
 48932 | Depths:4 | Acquired the +9 crystal plate armour of Nuumuss {rPois}
 49168 | Depths:4 | Received a gift from Okawaru
 49240 | Depths:4 | Noticed an ancient lich
 49258 | Depths:4 | Killed an ancient lich
 49305 | Depths:4 | Noticed an ancient lich
 49319 | Depths:4 | Killed an ancient lich
 49619 | Depths:3 | Voluntarily entered the Abyss.
 49713 | Abyss:3  | Received a gift from Okawaru
 49719 | Abyss:3  | Killed Arachne
 49748 | Abyss:3  | Noticed an ancient lich
 49749 | Depths:3 | Escaped the Abyss
 49963 | Depths:3 | Voluntarily entered the Abyss.
 50198 | Abyss:3  | Reached XP level 25. HP: 173/173 MP: 34/34
 50524 | Abyss:3  | Received a gift from Okawaru
 50786 | Abyss:3  | Killed Norris
 50970 | Abyss:3  | Received a gift from Okawaru
 51311 | Abyss:3  | Found a corrupted altar of Lugonu.
 51317 | Depths:3 | Escaped the Abyss
 52123 | Slime:1  | Entered Level 1 of the Pits of Slime
 52704 | Slime:5  | Entered Level 5 of the Pits of Slime
 52887 | Slime:5  | Gained mutation: Your spells are a little easier to cast,
                  | but a little less powerful. [a shining eye]
 52954 | Slime:5  | Noticed the Royal Jelly
 53032 | Arena    | Entered the Arena
 53041 | Arena    | Killed the Royal Jelly
 53458 | Slime:5  | Got the Tome of the Catacomb and the Xenolith
 53470 | Slime:5  | Identified the +6 war axe of Midnight {freeze, rN+}
 53508 | Slime:5  | Identified the +4 war axe "Quschoaso" {freeze, Will+ Int+5}
 53547 | Slime:5  | Identified the +6 flail of Monyefim {heavy, rCorr}
 53580 | Slime:5  | Identified the +1 helmet of Feinkech {rC+ Will+ rCorr}
 53601 | Slime:5  | Got a slimy rune of Zot
 54117 | Zot:1    | Entered Level 1 of the Realm of Zot
 54130 | Zot:1    | Received a gift from Okawaru
 55272 | Depths:4 | Reached XP level 26. HP: 181/183 MP: 34/34
 56142 | Zot:2    | Found a runed translucent gate.
 56142 | Zot:2    | Found a runed translucent gate.
 56142 | Zot:2    | Found a runed translucent gate.
 56162 | Zot:2    | Noticed Lioda's ghost (legendary MiBe)
 56192 | Zot:2    | Noticed an orb of fire
 56207 | Zot:2    | Banished an orb of fire
 56941 | Zot:2    | Noticed Vv
 56975 | Zot:2    | Killed Vv
 56975 | Zot:2    | Received a gift from Okawaru
 57403 | Zot:2    | Found an opulent altar of Gozag.
 57758 | Zot:2    | Found Keaqywn's Assorted Antiques.
 58256 | Abyss:4  | Cast into level 4 of the Abyss (unwielding a weapon of
                  | distortion)
 58374 | Lair:5   | Escaped the Abyss
 59320 | Zot:3    | Received a gift from Okawaru
 60095 | Zot:4    | Identified the ring of Deareyj {Ice Str+3 Dex+3}
 60095 | Zot:4    | Noticed Josephina
 60969 | Zot:4    | Killed Josephina
 61220 | Zot:5    | Entered Level 5 of the Realm of Zot
 61566 | Zot:5    | Received a gift from Okawaru
 61958 | Zot:5    | Noticed an ancient lich
 61969 | Zot:5    | Killed an ancient lich
 61970 | Zot:5    | Reached XP level 27. HP: 159/193 MP: 29/34
 62057 | Zot:5    | Noticed an ancient lich
 62061 | Zot:5    | Noticed an ancient lich
 62069 | Zot:5    | Killed an ancient lich
 62296 | Zot:5    | Noticed an ancient lich
 62306 | Zot:5    | Killed an ancient lich
 63212 | Zot:5    | Noticed an orb of fire
 63241 | Zot:5    | Received a gift from Okawaru
 64133 | Zot:5    | Noticed an orb of fire
 64363 | Arena    | Entered the Arena
 64389 | Arena    | Killed an orb of fire
 64408 | Zot:5    | Gained mutation: Your spells are easier to cast, but less
                  | powerful. [an orb of fire]
 64420 | Zot:5    | Killed an orb of fire
 65141 | Zot:5    | Noticed an orb of fire
 65167 | Zot:5    | Killed an orb of fire
 65169 | Zot:5    | Noticed an ancient lich
 65205 | Zot:5    | Killed an ancient lich
 65227 | Zot:5    | Killed an ancient lich
 65227 | Zot:5    | Received a gift from Okawaru
 65241 | Zot:5    | Noticed an ancient lich
 65261 | Zot:5    | Killed an ancient lich
 65563 | Zot:5    | Got the Orb of Zot
 65734 | Zot:1    | Gained mutation: You are vulnerable to heat. (rF-) [a
                  | neqoxec]
 66513 | D:7      | Noticed Idunocai the pandemonium lord
 66624 | D:2      | Noticed Hitupsuu the pandemonium lord
 66655 | D:$      | Escaped with the Orb!

Illustrated notes

Levels and vault maps discovered:
D:1:      dpeg_arrival_pits, layout_basic
D:2:      minmay_angry_zag, layout_rooms
D:3:      layout_loops_ring, nicolae_hepliaklqana_monster_ancestors,
          serial_undead, serial_undead_d, serial_undead_a, serial_undead_d,
          serial_undead_c, serial_undead_f, serial_undead_b, serial_undead_d,
          serial_undead_c, serial_undead_e, serial_undead_b,
          ebering_ecumenical_altar_rust, kennysheep_generic_room_15
D:4:      minmay_razor_zed, layout_basic, mainiacjoe_overflow_paths,
          amcnicky_altar_gilded, minmay_temple_entry_from_below_a,
          gup_sewer_entry_bowl, serial_bayou, serial_bayou_lagoon_a,
          serial_bayou_pond_b, serial_bayou_pond_d, serial_bayou_pond_c,
          serial_bayou_pond_d, serial_bayou_crossing
D:5:      layout_basic, lemuel_tele_altar, uniq_ijyb
D:6:      layout_loops_ring
D:7:      layout_basic, serial_shops, nicolae_shop_tiny_waterfront,
          dreamdust_mushroom_princess, uniq_crazy_yiuf_cottage,
          uniq_prince_ribbit1, uniq_jeremiah
D:8:      layout_loops_ring, jmf_multi_god_temple, gammafunk_ghost_split,
          serial_shops, shop, shop, nicolae_water_bricks, uniq_grum
D:9:      layout_irregular_city, erik_lair_dragon, ebering_ghost_funeral_grove,
          kennysheep_decorative_pillar
D:10:     layout_irregular_city, hangedman_ranch, uniq_harold
D:11:     minmay_spotlight, layout_basic, gauntlet_entry_generic, serial_shops,
          nicolae_shop_peninsula, grunt_ministairs_4
D:12:     nzn_winding_woodlands_cross [nzn_winding_woodlands_5x15_zeroes,
          nzn_winding_woodlands_5x15_longhouse,
          nzn_winding_woodlands_5x15_jagged, nzn_winding_woodlands_5x15_twine,
          nzn_winding_woodlands_15x15_thick_spiral], layout_gridville,
          minmay_increasing_density, uniq_gastronok
D:13:     layout_loops_cross, gammafunk_ghost_mausoleum, serial_shops,
          nicolae_shop_real_fake_doors, uniq_azrael, uniq_lodul, uniq_snorg
D:14:     layout_roguey, david_vaults_5, xom_redecorated
D:15:     grunt_enter_depths_hoard, layout_long_grid,
          nemelex_spade_bored_becter, special_room [special_room_orc]
Lair:1:   layout_regular_city, st_stairs_9
Lair:2:   dreamdust_labyrinth, layout_regular_city, elwin_shoals_entry_stream,
          dummy_spider_entry, portal_ice_cave_entry_pillars_1,
          chequers_serial_rivers_small_b
Lair:3:   layout_chaotic_city, chequers_serial_rivers_large_b, uniq_amaemon,
          uniq_urug, uniq_fannar
Lair:4:   layout_cave_pods, serial_bayou_shore_a, uniq_rupert
Lair:5:   hellmonk_lair_end_abyssal_woods, layout_long_grid, slime_entry_1,
          nicolae_quartered_pool_little, fungi_pond_lemuel, st_stairs_3,
          ldierk_geyser, lemuel_fruit_fields, uniq_nessos
Shoals:1: layout_shoals, uniq_aizul
Shoals:2: layout_shoals, uniq_ilsuiw
Shoals:3: layout_shoals, uniq_mara
Shoals:4: shoals_end_grunt_ice, layout_shoals, uniq_bai_suzhen
Spider:1: nicolae_spider_brood_tunnel, ebering_ghost_reflecting_pool,
          beargit_elvish_explorers
Spider:2: layout_spider_delve, drop_trap
Spider:3: layout_chambers, ebering_ghost_rock_garden
Spider:4: johnstein_spider_rune_arachne_lair, nicolae_spider_webs_and_nodes
Slime:1:  layout_caves, cheibrodos_slime_lost_civilization_4
Slime:2:  layout_caves
Slime:3:  layout_caves
Slime:4:  layout_caves
Slime:5:  slime_pit_nicolae_block_by_block
Orc:1:    layout_diamond_mine, serial_shops, nicolae_shop_rolling_square,
          minmay_shop_enchanted_jewellery
Orc:2:    grunt_orc_cross, layout_caves, minmay_orc_temple_a
Vaults:1: nicolae_vaults_shelves_hall, hangedman_vaults_corner,
          hangedman_vaults_restitches, nicolae_vaults_you_can_take_it_with_you,
          v_misc_22, nicolae_vaults_alarming, layout_vaults_quadrants,
          uniq_norris
Vaults:2: nicolae_vaults_house_3, serial_library_hellmonk_angled_corner,
          nicolae_vaults_surprise_closet, vaults_room_octagon,
          nicolae_vaults_theta, nicolae_vaults_little_ls,
          ontoclasm_vaults_tryst, nicolae_vaults_oval_intersection,
          minmay_crypt_entry_nasty_monster, not_door_vault_due,
          nicolae_vaults_variable_pillar_hall, nicolae_vaults_tetromino_Z_2,
          layout_vaults_omnibox, serial_shops, bzr_entry_islet,
          nicolae_shop_peninsula, shop, uniq_margery
Vaults:3: vaults_room_pools, nicolae_vaults_windows_and_doors_thing,
          dpeg_vaults_monster_doublerow, nicolae_vaults_tetromino_Z_1,
          ontoclasm_vaults_eye, v_misc_31, nicolae_vaults_trapezoid_3,
          nicolae_vaults_tangram_2, ontoclasm_vaults_pinch,
          nicolae_vaults_six-pack, ontoclasm_vaults_claustrophobia,
          nicolae_vaults_surprise_closet, layout_vaults_omnicross, serial_shops,
          nicolae_shop_tiny_statue_garden, uniq_jory
Vaults:4: gammafunk_ghost_cemetery, v_misc_3, vaults_standard_mumra_x,
          nicolae_vaults_heart-shaped_vault, nicolae_vaults_meiosis,
          nicolae_vaults_asterisk, nicolae_vaults_trapezoid_layered,
          vaults_room_fours, nicolae_vaults_little_squares_6,
          nicolae_vaults_border_crossing, layout_vaults_ring, uniq_sojobo
Depths:1: layout_forbidden_donut, grunt_hell_entry_dis_mu,
          serial_sigils_hangedman_leer, grunt_dithmenos_smoke
Depths:2: nicolae_cairo_tiling, layout_twisted_cross, enter_ziggurat_f,
          pf_coc_iceberg, mu_enter_wizlab_4, grunt_pan_entry_zigzag,
          fedhas_altar_2, serial_shops, shop
Depths:3: minmay_the_grid_triangle_9x9_rhombus_thin
          [minmay_the_grid_triangle_9x9_corruption,
          minmay_the_grid_triangle_9x9_prize_special,
          minmay_the_grid_triangle_9x9_alien,
          minmay_the_grid_triangle_9x9_checkered], layout_cave_pools,
          minmay_room_of_horrors, roderic_nine_men_s_morris, enter_trove_3,
          hell_entry
Depths:4: hangedman_pleasuredromes, hell_entry, pan_entry
Zot:1:    layout_concentric_octagons, grunt_ministairs_9
Zot:2:    layout_cathedral_of_symmetry, ebering_ghost_gozag, uniq_vv
Zot:3:    layout_misc_corridors
Zot:4:    layout_onion, uniq_josephina
Zot:5:    layout_basic, st_stairs_11

Skill      XL: |  1  2  3  4  5  6  7  8  9 10 11 12 13 14 15 16 17 18 19 20 21 22 23 24 25 26 27 |
---------------+----------------------------------------------------------------------------------+-----
Polearms       | 3 4 |  4.3
Axes           | 2 3 5 7 9 10 11 14 15 17 | 17.7
Armour         | 1 4 8 10 12 16 20 22 23 25 26 | 26.7
Fighting       | 6 8 11 15 16 18 20 22 23 25 26 | 26.7
Invocations    | 5 10 13 15 | 15.0
Evocations     | 5 6 7 10 | 10.0
Shields        | 7 10 13 14 15 19 20 | 20.0
Dodging        | 5 8 10 | 10.0
Spellcasting   | |  2.0
Conjurations   | |  3.2

Action                     |  1- 3 |  4- 6 |  7- 9 | 10-12 | 13-15 | 16-18 | 19-21 | 22-24 | 25-27 || total
---------------------------+-------+-------+-------+-------+-------+-------+-------+-------+-------++-------
  Melee: Spear             |   129 |       |       |       |       |       |       |       |       ||   129
         Broad axe         |    14 |   234 |   335 |   822 |   321 |  1466 |   976 |  1742 |  1975 ||  7885
         Hand axe          |       |       |       |     9 |    14 |       |       |       |       ||    23
         War axe           |       |       |       |   100 |  1071 |       |       |       |       ||  1171
 Invoke: Heroism           |       |       |       |     2 |     5 |     2 |     5 |     3 |     5 ||    22
         Receive Weapon    |       |       |       |     1 |       |       |       |       |       ||     1
         Receive Armour    |       |       |       |     1 |       |       |       |       |       ||     1
         Duel              |       |       |       |       |       |       |     3 |       |     2 ||     5
         Finesse           |       |       |       |       |       |       |     3 |       |     4 ||     7
  Evoke: Wand              |       |       |     3 |     3 |     7 |     2 |     2 |       |       ||    17
         Lightning rod     |       |       |       |       |       |       |       |       |     4 ||     4
         Phial of floods   |       |       |       |       |       |       |       |       |     2 ||     2
    Use: Potion            |       |       |     3 |     6 |     7 |       |    10 |     1 |    31 ||    58
         Scroll            |       |       |     4 |     3 |     8 |     3 |     6 |     6 |    26 ||    56
   Stab: Invisible         |       |       |       |     5 |     6 |       |     5 |       |       ||    16
         Petrified         |       |       |       |       |     6 |       |       |       |       ||     6
         Petrifying        |       |       |       |       |     1 |       |       |       |       ||     1
         Distracted        |       |       |       |       |       |       |       |     3 |     1 ||     4
 Armour: Ring mail         |    33 |       |       |       |       |       |       |       |       ||    33
         Leather armour    |     4 |       |       |       |       |       |       |       |       ||     4
         Scale mail        |    26 |   154 |   113 |       |       |       |       |       |       ||   293
         Skin              |       |       |    27 |       |       |       |       |       |       ||    27
         Chain mail        |       |       |   100 |   109 |       |       |       |       |       ||   209
         Plate armour      |       |       |       |   751 |  1214 |  1351 |   827 |   863 |   133 ||  5139
         Crystal plate arm |       |       |       |       |       |       |       |   159 |   884 ||  1043
  Dodge: Dodged            |   103 |   227 |   250 |   568 |   702 |   728 |   451 |   578 |   385 ||  3992
  Block: Buckler           |       |       |       |       |   169 |   324 |   220 |    87 |       ||   800
         Kite shield       |       |       |       |       |       |       |       |   941 |   648 ||  1589
         Tower shield      |       |       |       |       |       |       |       |       |  1392 ||  1392

Table legend: (Time is in decaauts)
 A = Elapsed time spent in this place.
 B = Non-inter-level travel time spent in this place.
 C = Inter-level travel time spent in this place.
 D = Time resting spent in this place.
 E = Time spent auto-exploring this place.
 F = Levels seen in this place.
 G = Mean time per level.
                   A        B        C        D        E       F      G
               +--------+--------+--------+--------+--------+-----+--------+
         Total |  64867 |  57544 |   7323 |  15054 |  26901 |  62 | 1046.2 |
       Dungeon |  18505 |  14802 |   3703 |   3208 |   7919 |  15 | 1233.7 |
          Lair |   8215 |   6851 |   1364 |   2002 |   3243 |   5 | 1643.0 |
        Shoals |   3875 |   3703 |    172 |    553 |   2121 |   4 |  968.8 |
   Spider Nest |   4811 |   4560 |    251 |   1171 |   2040 |   4 | 1202.8 |
    Slime Pits |   1536 |   1393 |    143 |    514 |    326 |   5 |  307.2 |
  Orcish Mines |   1598 |   1455 |    143 |    235 |    834 |   2 |  799.0 |
        Vaults |   6715 |   6128 |    587 |   1920 |   2636 |   4 | 1678.8 |
        Depths |   6009 |   5387 |    622 |   1909 |   2000 |   4 | 1502.2 |
           Zot |   9346 |   9012 |    334 |   2083 |   5011 |   5 | 1869.2 |
         Abyss |   1585 |   1585 |      0 |    321 |    231 |   4 |  396.2 |
        Bazaar |     72 |     72 |      0 |      0 |     52 |   1 |   72.0 |
         Sewer |    543 |    543 |      0 |    168 |    133 |   1 |  543.0 |
      Ice Cave |    301 |    301 |      0 |    206 |      0 |   1 |  301.0 |
        Wizlab |   1287 |   1287 |      0 |    712 |    190 |   1 | 1287.0 |
      Gauntlet |    342 |    342 |      0 |     28 |    164 |   1 |  342.0 |
         Arena |    120 |    120 |      0 |     22 |      0 |   5 |   24.0 |
               +--------+--------+--------+--------+--------+-----+--------+

Top non-repeatable levels by time:
   Zot:5: 4222 daAuts
     D:9: 3024 daAuts
  Lair:5: 2367 daAuts
Vaults:1: 2275 daAuts
Depths:4: 1962 daAuts
Depths:3: 1826 daAuts
   Zot:2: 1823 daAuts
Vaults:3: 1807 daAuts
  Lair:1: 1772 daAuts
Spider:4: 1740 daAuts
     D:4: 1697 daAuts
  Lair:2: 1616 daAuts
     D:7: 1606 daAuts
    D:10: 1560 daAuts
    D:15: 1530 daAuts
